 Dungeon Sprint DCSS version 0.21-a0-272-g984ae92 (webtiles) character file.

1095 potatolord6000 the Protected (level 8, -8/69 HPs)
             Began as a Human Fighter on Sept 15, 2017.
             Was a Priest of Okawaru.
             Mangled by a lindwurm (12 damage)
             ... in the Dungeon (Sprint VII: "The Pits").
             The game lasted 00:04:59 (1044 turns).

potatolord6000 the Protected (Human Fighter)        Turns: 1044, Time: 00:05:00

Health: -8/69      AC: 15    Str: 18    XL:     8   Next: 57%
Magic:  14/14      EV: 16    Int:  9    God:    Okawaru [***...]
Gold:   0          SH:  0    Dex: 13    Spells: 7/7 levels left

rFire    . . .     SeeInvis .   q - +0 great sword
rCold    . . .     Gourm    .   (shield currently unavailable)
rNeg     . . .     Faith    .   e - +3 scale mail
rPois    .         Spirit   .   (no helmet)
rElec    .         Reflect  .   (no cloak)
rCorr    .         Harm     .   u - +0 pair of gloves
MR       .....     NoTele   +   (no boots)
Stlth    ..........             (no amulet)
HPRegen  0.21/turn              b - +3 ring of evasion
MPRegen  0.14/turn              d - +3 ring of protection

@: hasted, drained, very quick
A: no striking features
a: Heroism, Renounce Religion


You were in the Dungeon.
You worshipped Okawaru.
Okawaru was most pleased with you.
You were completely stuffed.

You visited 1 branch

Inventory:

Hand Weapons
 q - a +0 great sword (weapon)
Armour
 e - a +3 scale mail (worn)
 u - a +0 pair of gloves (worn)
Jewellery
 b - a +3 ring of evasion (left hand)
 d - a +3 ring of protection (right hand)
Scrolls
 k - a scroll of blinking
 l - 2 scrolls of remove curse
 m - 5 scrolls of amnesia
 n - a scroll of summoning
Potions
 a - 7 potions of curing
 c - 2 potions of invisibility
 g - 2 potions of heal wounds
 h - a potion of haste
 i - 4 potions of magic
 j - 4 potions of berserk rage
 r - a potion of might
 s - 2 potions of resistance
 t - a potion of brilliance
Comestibles
 f - 8 bread rations
 o - 40 fruits
 p - 5 meat rations


   Skills:
 + Level 8.5(7.9) Fighting
 + Level 8.4(7.8) Long Blades
 + Level 8.7(8.0) Armour
 + Level 7.8(7.1) Dodging
   Level 3.0(2.4) Shields
 + Level 8.7(8.1) Invocations


You had 7 spell levels left.
You didn't know any spells.

Dungeon Overview and Level Annotations

Branches:
Dungeon (1/1)

Altars:
Ashenzari
Cheibriados
Dithmenos
Elyvilon
Fedhas
Gozag
Hepliaklqana
Kikubaaqudgha
Makhleb
Nemelex Xobeh
Okawaru
Qazlal
Ru
Sif Muna
Trog
Uskayaw
Vehumet
Wu Jian
Xom
Yredelemnul
Zin
The Shining One
Beogh
Jiyva
Lugonu


Message History

A hound comes into view.
Unknown command.
You hit the lindwurm.
The lindwurm is heavily wounded.
The lindwurm breathes flames at you. The blast of flame hits you!
* * * LOW HITPOINT WARNING * * *
The cyclops hits you but does no damage.
Unknown command.
You barely miss the lindwurm.
The lindwurm is heavily wounded.
The lindwurm breathes flames at you. The blast of flame misses you.
The cyclops misses you.
You riposte.
You hit the cyclops.
The cyclops is moderately wounded.
Unknown command.
You slash the lindwurm!
The lindwurm is severely wounded.
The lindwurm bites you!
You die...

....'................+
#####......#..#......#
#.(##................#
'..#####'#####''######
#'###.......##''#
...##.......##..##
...##.......##...##
#####...<...###..(##+##.
)..##.......# ##@.......
)..##.......# #kC###+###
#####.......##.h##
#..###########..
#.############..
#.#....#..[[###.
#)#)...#..[.# ##
#.')...'..))#
#)#[.).#..))#


You could see a lindwurm, a cyclops and a hound.

Vanquished Creatures
  A wraith (D)
  An acid dragon (D)
  A water moccasin (D)
  A porcupine (D)
  2 black bears (D)
  A scorpion (D)
  5 wights (D)
  An orc wizard (D)
  A jelly (D)
  2 orc priests (D)
  An iguana (D)
  A worker ant (D)
  A gnoll (D)
  An adder (D)
  An adder skeleton (D)
  A leopard gecko (D)
  2 orcs (D)
  A hobgoblin (D)
  7 jackals (D)
  A kobold (D)
  A ball python (D)
  A rat (D)
35 creatures vanquished.

Notes
Turn   | Place    | Note
-------+----------+-------------------------------------------
     0 | D        | potatolord6000 the Human Fighter began the quest for the Orb.
     0 | D        | Reached XP level 1. HP: 18/18 MP: 1/1
    48 | D        | Found a bloodstained altar of Trog.
    48 | D        | Found a deep blue altar of Sif Muna.
    48 | D        | Found a viscous altar of Jiyva.
    48 | D        | Found a hazy altar of Hepliaklqana.
    48 | D        | Found an opulent altar of Gozag.
    49 | D        | Found a glowing golden altar of the Shining One.
    49 | D        | Found a glowing silver altar of Zin.
    49 | D        | Found a basalt altar of Yredelemnul.
    49 | D        | Found a shimmering altar of Xom.
    49 | D        | Found an ornate altar of the Wu Jian Council.
    49 | D        | Found a sacrificial altar of Ru.
    49 | D        | Found a stormy altar of Qazlal.
    49 | D        | Found an iron altar of Okawaru.
    49 | D        | Found a sparkling altar of Nemelex Xobeh.
    49 | D        | Found a burning altar of Makhleb.
    49 | D        | Found a blossoming altar of Fedhas.
    49 | D        | Found a white marble altar of Elyvilon.
    49 | D        | Found a shadowy altar of Dithmenos.
    49 | D        | Found a snail-covered altar of Cheibriados.
    51 | D        | Found a radiant altar of Vehumet.
    51 | D        | Found a corrupted altar of Lugonu.
    51 | D        | Found a roughly hewn altar of Beogh.
    53 | D        | Found an ancient bone altar of Kikubaaqudgha.
    53 | D        | Found a hide-covered altar of Uskayaw.
    53 | D        | Found a shattered altar of Ashenzari.
    59 | D        | Became a worshipper of Warmaster Okawaru
    77 | D        | Reached skill level 1 in Invocations
    78 | D        | Reached XP level 2. HP: 24/24 MP: 1/3
   207 | D        | Reached skill level 1 in Dodging
   207 | D        | Reached XP level 3. HP: 5/30 MP: 4/4
   389 | D        | Noticed a black bear
   397 | D        | Killed a black bear
   397 | D        | Reached * piety under Okawaru
   397 | D        | Reached skill level 5 in Fighting
   397 | D        | Reached skill level 5 in Armour
   397 | D        | Reached XP level 4. HP: 35/39 MP: 4/7
   397 | D        | Reached XP level 5. HP: 39/44 MP: 4/8
   476 | D        | Noticed a water moccasin
   488 | D        | Reached skill level 5 in Long Blades
   493 | D        | Killed a water moccasin
   493 | D        | Reached ** piety under Okawaru
   493 | D        | Reached skill level 5 in Dodging
   493 | D        | Reached skill level 5 in Invocations
   493 | D        | Reached XP level 6. HP: 39/52 MP: 6/10
   572 | D        | Noticed a black bear
   581 | D        | Killed a black bear
   581 | D        | Reached XP level 7. HP: 52/60 MP: 10/12
   643 | D        | Noticed an acid dragon
   643 | D        | Noticed a wraith
   660 | D        | Killed a wraith
   660 | D        | Reached *** piety under Okawaru
   662 | D        | Killed an acid dragon
   662 | D        | Reached XP level 8. HP: 34/68 MP: 10/14
  1028 | D        | Noticed a cyclops
  1028 | D        | Noticed a lindwurm
  1031 | D        | Noticed a deep troll
  1044 | D        | Mangled by a lindwurm

Vault maps used:
D:        pitsprint

Skill      XL: |  1  2  3  4  5  6  7  8 |
---------------+-------------------------+-----
Invocations    | 1 2 4 5 6 8 |  8.7
Long Blades    | 3 4 6 7 8 |  8.4
Armour         | 4 5 6 7 8 |  8.7
Dodging        | 1 3 5 6 7 |  7.8
Fighting       | 5 6 7 8 |  8.5
Shields        | |  3.0

Action                   |  1- 3 |  4- 6 |  7- 9 || total
-------------------------+-------+-------+-------++-------
Melee: Long sword        |    36 |    35 |    53 ||   124
       Great sword       |       |       |    13 ||    13
Invok: Heroism           |       |     1 |     1 ||     2
  Use: Potion            |     2 |       |     7 ||     9
       Scroll            |       |       |     1 ||     1
 Stab: Sleeping          |       |     1 |       ||     1
  Eat: Meat ration       |       |       |     2 ||     2
Armor: Scale mail        |    32 |    20 |    52 ||   104
Dodge: Dodged            |    36 |    27 |   118 ||   181
       Rpst.: Long sword |    17 |     6 |    24 ||    47
       Great sword       |       |       |     5 ||     5

Table legend:
 A = Spawn XP
 B = Non-spawn XP
 C = Spawn XP percentage of total XP
 D = Spawn monster count
 E = Non-spawn monster count
 F = Spawn count percentage of total count
 G = Total turns spent on level
                    A         B        C        D         E        F      G
               +---------+---------+-------+---------+---------+-------+---------
         Total |       0 |    1565 |   0.0 |       0 |      35 |   0.0 |  1044
               +---------+---------+-------+---------+---------+-------+---------
             D |       0 |    1565 |   0.0 |       0 |      35 |   0.0 |  1044
               +---------+---------+-------+---------+---------+-------+---------
